TOP OF THE 1ST |
Rancho Cucamonga Quakes batting - Pitching for Charlotte Stone Crabs : RHP Jaylin Green
|
Pitching: RHP Jaylin Green
|
|
Batting: RHB Daniel Samano
|
0-0: Fly out, F9 (Flyball, 89M, EV 78.8 MPH)
|
Batting: RHB John Piccolo
|
0-0: Called Strike 0-1: Foul Ball, location: 2F 0-2: Foul Ball, location: 2F 0-2: Foul Ball, location: 2F 0-2: Fly out, F9 (Flyball, 9, EV 94.4 MPH)
|
Batting: SHB Nate Kopchak
|
0-0: Called Strike 0-1: Ground out 6-3 (Groundball, 4MS, EV 84.4 MPH)
|
Top of the 1st over - 0 runs, 0 hits, 0 errors, 0 left on base; Rancho Cucamonga 0 - Charlotte 0 |
BOTTOM OF THE 1ST |
Charlotte Stone Crabs batting - Pitching for Rancho Cucamonga Quakes : LHP J.P. Blair
|
Pitching: LHP J.P. Blair
|
|
Batting: RHB James Huddleston
|
0-0: Called Strike 0-1: Foul Ball, location: 2F 0-2: Foul Ball, location: 2F 0-2: SINGLE (Groundball, 56S, EV 66.2 MPH) (infield hit)
|
Batting: RHB Isaiah Easter
|
0-0: Ball 1-0: SINGLE (Line Drive, 78M, EV 84.4 MPH) James Huddleston to second
|
Batting: RHB Alex Diaz
|
0-0: Ball 1-0: Foul Ball, location: 2F 1-1: Foul Ball, location: 2F 1-2: Ball 2-2: Ball 3-2: Fly out, F7 (Flyball, 7, EV 92.5 MPH)
|
Batting: RHB Jose Arriola
|
0-0: Ball 1-0: DOUBLE (Line Drive, 9LS, EV 92.5 MPH) James Huddleston scores Isaiah Easter to third
|
Batting: LHB Harris Vink
|
0-0: Foul Ball, location: 2F 0-1: Swinging Strike 0-2: Ball 1-2: Ball 2-2: Foul Ball, location: 2F 2-2: Ball 3-2: Strikes out looking
|
Batting: RHB John Downing
|
0-0: Called Strike 0-1: Swinging Strike 0-2: Foul Ball, location: 2F 0-2: Strikes out swinging
|
Bottom of the 1st over - 1 run, 3 hits, 0 errors, 2 left on base; Rancho Cucamonga 0 - Charlotte 1 |
TOP OF THE 2ND |
Rancho Cucamonga Quakes batting - Pitching for Charlotte Stone Crabs : RHP Jaylin Green
|
Batting: RHB Jorge Benites
|
0-0: Ball 1-0: Called Strike 1-1: Foul Ball, location: 2F 1-2: Strikes out swinging
|
Batting: RHB Ryan Alban
|
0-0: Foul Ball, location: 2F 0-1: Swinging Strike 0-2: Ball 1-2: Strikes out swinging, 2-3 out at first.
|
Batting: RHB Steve Perez
|
0-0: Foul Ball, location: 2F 0-1: Ball 1-1: Ball 2-1: Foul Ball, location: 2F 2-2: Strikes out swinging, 2-3 out at first.
|
Top of the 2nd over - 0 runs, 0 hits, 0 errors, 0 left on base; Rancho Cucamonga 0 - Charlotte 1 |
BOTTOM OF THE 2ND |
Charlotte Stone Crabs batting - Pitching for Rancho Cucamonga Quakes : LHP J.P. Blair
|
Batting: LHB Rich Matthews
|
0-0: Foul Ball, location: 2F 0-1: Ball 1-1: Swinging Strike 1-2: Ball 2-2: Strikes out swinging
|
Batting: LHB Sean Banks
|
0-0: Called Strike 0-1: Foul Ball, location: 2F 0-2: Ball 1-2: Ground out 4-3 (Groundball, 4, EV 102.5 MPH)
|
Batting: RHB Chris Glavin
|
0-0: Foul Ball, location: 2F 0-1: Ball 1-1: Foul Ball, location: 2F 1-2: Strikes out swinging
|
Bottom of the 2nd over - 0 runs, 0 hits, 0 errors, 0 left on base; Rancho Cucamonga 0 - Charlotte 1 |
TOP OF THE 3RD |
Rancho Cucamonga Quakes batting - Pitching for Charlotte Stone Crabs : RHP Jaylin Green
|
Batting: RHB Steven Romanovsky
|
0-0: Foul Ball, location: 2F 0-1: SINGLE (Line Drive, 6D, EV 108.8 MPH)
|
Batting: RHB Aaron Burress
|
0-0: Ball 1-0: Ball 2-0: Ball 3-0: Base on Balls Steven Romanovsky to second
|
Batting: RHB Jim Rogers
|
0-0: Ball 1-0: Ball 2-0: Ball 3-0: Base on Balls Steven Romanovsky to third Aaron Burress to second
|
Batting: RHB Daniel Samano
|
0-0: Ball 1-0: Foul Ball, location: 2F 1-1: Ball 2-1: Ball 3-1: Fly out, F4 (Popup, 4M, EV 64.4 MPH)
|
Batting: RHB John Piccolo
|
0-0: SINGLE (Groundball, 56, EV 103.8 MPH) Steven Romanovsky scores Aaron Burress to third Jim Rogers to second
|
Batting: SHB Nate Kopchak
|
0-0: Called Strike 0-1: Grounds into fielders choice 1-2 (Groundball, 13S, EV 66.2 MPH) Jim Rogers to third John Piccolo to second
|
Batting: RHB Jorge Benites
|
0-0: Ground out 5-3 (Groundball, 5S, EV 80.6 MPH)
|
Top of the 3rd over - 1 run, 2 hits, 0 errors, 3 left on base; Rancho Cucamonga 1 - Charlotte 1 |
BOTTOM OF THE 3RD |
Charlotte Stone Crabs batting - Pitching for Rancho Cucamonga Quakes : LHP J.P. Blair
|
Batting: RHB James Huddleston
|
0-0: Ball 1-0: Ball 2-0: Called Strike 2-1: SINGLE (Groundball, 56D, EV 102.5 MPH)
|
Batting: RHB Isaiah Easter
|
0-0: Called Strike James Huddleston is caught stealing 2nd base 2-4 0-1: SINGLE (Line Drive, 7LS, EV 91.2 MPH)
|
Batting: RHB Alex Diaz
|
0-0: Ball Isaiah Easter steals 2nd base 1-0: Ball 2-0: Ball 3-0: Base on Balls
|
Batting: RHB Jose Arriola
|
0-0: 3-RUN HOME RUN (Flyball, 7D, EV 94.4 MPH), Distance : 383 ft
|
Batting: LHB Harris Vink
|
0-0: Ball 1-0: Foul Ball, location: 2F 1-1: Ball 2-1: Foul Ball, location: 2F 2-2: Strikes out looking
|
Batting: RHB John Downing
|
0-0: Foul Ball, location: 2F 0-1: SINGLE (Groundball, 56D, EV 107.5 MPH)
|
Batting: LHB Rich Matthews
|
0-0: Called Strike 0-1: Foul Ball, location: 2F 0-2: Strikes out looking
|
Bottom of the 3rd over - 3 runs, 4 hits, 0 errors, 1 left on base; Rancho Cucamonga 1 - Charlotte 4 |
TOP OF THE 4TH |
Rancho Cucamonga Quakes batting - Pitching for Charlotte Stone Crabs : RHP Jaylin Green
|
Batting: RHB Ryan Alban
|
0-0: Called Strike 0-1: Called Strike 0-2: Fly out, F8 (Flyball, 89M, EV 91.2 MPH)
|
Batting: RHB Steve Perez
|
0-0: Called Strike 0-1: SINGLE (Groundball, 25, EV 64.4 MPH) (infield hit)
|
Batting: RHB Steven Romanovsky
|
0-0: Called Strike 0-1: Foul Ball, location: 2F 0-2: Grounds into double play, 1-4-3 (Groundball, 15S, EV 62.5 MPH)
|
Top of the 4th over - 0 runs, 1 hit, 0 errors, 0 left on base; Rancho Cucamonga 1 - Charlotte 4 |
BOTTOM OF THE 4TH |
Charlotte Stone Crabs batting - Pitching for Rancho Cucamonga Quakes : LHP J.P. Blair
|
Batting: LHB Sean Banks
|
0-0: Ground out 4-3 (Groundball, 4M, EV 107.5 MPH)
|
Batting: RHB Chris Glavin
|
0-0: Ground out 4-3 (Groundball, 4M, EV 91.2 MPH)
|
Batting: RHB James Huddleston
|
0-0: Called Strike 0-1: Ground out 5-3 (Groundball, 56, EV 102.5 MPH)
|
Bottom of the 4th over - 0 runs, 0 hits, 0 errors, 0 left on base; Rancho Cucamonga 1 - Charlotte 4 |
TOP OF THE 5TH |
Rancho Cucamonga Quakes batting - Pitching for Charlotte Stone Crabs : RHP Jaylin Green
|
Batting: RHB Aaron Burress
|
0-0: Ball 1-0: Ball 2-0: Fly out, F8 (Flyball, 8LXD, EV 95.0 MPH)
|
Batting: RHB Jim Rogers
|
0-0: Called Strike 0-1: Ball 1-1: Swinging Strike 1-2: Ball 2-2: Fly out, F9 (Line Drive, 9LM, EV 99.4 MPH)
|
Batting: RHB Daniel Samano
|
0-0: Ball 1-0: Ball 2-0: Ball 3-0: Base on Balls
|
Batting: RHB John Piccolo
|
0-0: Ball 1-0: Ball 2-0: Called Strike Daniel Samano is caught stealing 2nd base 2-4
|
Top of the 5th over - 0 runs, 0 hits, 0 errors, 0 left on base; Rancho Cucamonga 1 - Charlotte 4 |
BOTTOM OF THE 5TH |
Charlotte Stone Crabs batting - Pitching for Rancho Cucamonga Quakes : LHP J.P. Blair
|
Batting: RHB Isaiah Easter
|
0-0: Ball 1-0: Ground out 5-3 (Groundball, 56S, EV 76.9 MPH)
|
Batting: RHB Alex Diaz
|
0-0: Ball 1-0: Ball 2-0: Foul Ball, location: 2F 2-1: Fly out, F3 (Popup, 3F, EV 61.2 MPH)
|
Batting: RHB Jose Arriola
|
0-0: SOLO HOME RUN (Flyball, 7D, EV 99.4 MPH), Distance : 380 ft
|
Batting: LHB Harris Vink
|
0-0: Ball 1-0: Ball 2-0: Ball 3-0: Base on Balls
|
Pitching: LHP Ben Moore
|
|
Batting: RHB John Downing
|
0-0: Called Strike 0-1: Ball 1-1: Fly out, F8 (Flyball, 89XD, EV 93.8 MPH)
|
Bottom of the 5th over - 1 run, 1 hit, 0 errors, 1 left on base; Rancho Cucamonga 1 - Charlotte 5 |
TOP OF THE 6TH |
Rancho Cucamonga Quakes batting - Pitching for Charlotte Stone Crabs : RHP Jaylin Green
|
Batting: RHB John Piccolo
|
0-0: Ball 1-0: Foul Ball, location: 2F 1-1: Ball 2-1: Ball 3-1: Base on Balls
|
Batting: SHB Nate Kopchak
|
0-0: 2-RUN HOME RUN (Flyball, 8LXD, EV 109.4 MPH), Distance : 434 ft
|
Batting: RHB Jorge Benites
|
0-0: Called Strike 0-1: Ball 1-1: Ball 2-1: Swinging Strike 2-2: Ball 3-2: Base on Balls
|
Batting: RHB Ryan Alban
|
0-0: Ball 1-0: Ball 2-0: Ball 3-0: Base on Balls Jorge Benites to second
|
Batting: RHB Steve Perez
|
0-0: Called Strike 0-1: Ball 1-1: Called Strike 1-2: Ball 2-2: Grounds into double play, 5-4-3 (Groundball, 56, EV 84.4 MPH) Jorge Benites to third
|
Batting: RHB Steven Romanovsky
|
0-0: Ball 1-0: Called Strike 1-1: Swinging Strike 1-2: SINGLE (Groundball, 56D, EV 103.8 MPH) Jorge Benites scores
|
Batting: RHB Aaron Burress
|
0-0: Called Strike 0-1: Ball 1-1: SINGLE (Groundball, 6MD, EV 103.1 MPH) Steven Romanovsky to second
|
Pinch Runner at 2nd Justin Toth:
|
|
Batting: RHB Jim Rogers
|
0-0: Ball 1-0: Ball 2-0: Foul Ball, location: 2F 2-1: Swinging Strike 2-2: DOUBLE (Groundball, 5L, EV 101.2 MPH) Justin Toth scores Aaron Burress to third
|
Pitching: RHP David Espinosa
|
|
Batting: RHB Daniel Samano
|
0-0: Fly out, F6 (Line Drive, 6, EV 70.0 MPH)
|
Top of the 6th over - 4 runs, 4 hits, 0 errors, 2 left on base; Rancho Cucamonga 5 - Charlotte 5 |
BOTTOM OF THE 6TH |
Charlotte Stone Crabs batting - Pitching for Rancho Cucamonga Quakes : LHP Ben Moore
|
Pinch Hitting: RHB Nelle Lommen
|
0-0: Ball 1-0: SINGLE (Line Drive, 9LS, EV 92.5 MPH)
|
Batting: LHB Sean Banks
|
0-0: Ball 1-0: Ball 2-0: Called Strike 2-1: Foul Ball, location: 2F 2-2: Strikes out swinging
|
Batting: RHB Chris Glavin
|
0-0: Swinging Strike 0-1: DOUBLE (Line Drive, 7LS, EV 107.5 MPH) Nelle Lommen to third Runner from 3rd tries for Home, SAFE, throw by LF to home
|
Batting: RHB James Huddleston
|
0-0: Ball 1-0: Foul Ball, location: 2F 1-1: Ground out 6-3 (Groundball, 6, EV 107.5 MPH)
|
Batting: RHB Isaiah Easter
|
0-0: Ball 1-0: Ball 2-0: Called Strike 2-1: Foul Ball, location: 2F 2-2: Ball 3-2: SINGLE (Groundball, 34D, EV 106.2 MPH) Chris Glavin to third Runner from 3rd tries for Home, SAFE, throw by RF to home
|
Batting: RHB Alex Diaz
|
0-0: Called Strike Isaiah Easter is caught stealing 2nd base 2-4
|
Bottom of the 6th over - 2 runs, 3 hits, 0 errors, 0 left on base; Rancho Cucamonga 5 - Charlotte 7 |
TOP OF THE 7TH |
Rancho Cucamonga Quakes batting - Pitching for Charlotte Stone Crabs : RHP David Espinosa
|
Now in LF: Dan Hunt
|
|
Batting: RHB John Piccolo
|
0-0: Ball 1-0: Ball 2-0: DOUBLE (Groundball, 5L, EV 103.8 MPH)
|
Batting: SHB Nate Kopchak
|
0-0: Foul Ball, location: 2F 0-1: Ground out 6-3 (Groundball, 6, EV 85.0 MPH)
|
Batting: RHB Jorge Benites
|
0-0: Ball 1-0: Called Strike 1-1: Ball 2-1: Ball 3-1: Called Strike 3-2: Base on Balls
|
Batting: RHB Ryan Alban
|
0-0: Ball 1-0: Called Strike 1-1: Grounds into double play, 6-4-3 (Groundball, 6M, EV 82.5 MPH)
|
Top of the 7th over - 0 runs, 1 hit, 0 errors, 1 left on base; Rancho Cucamonga 5 - Charlotte 7 |
BOTTOM OF THE 7TH |
Charlotte Stone Crabs batting - Pitching for Rancho Cucamonga Quakes : LHP Ben Moore
|
Batting: RHB Alex Diaz
|
0-0: Ball 1-0: Ball 2-0: Ball 3-0: Called Strike 3-1: Base on Balls
|
Batting: RHB Jose Arriola
|
0-0: Foul Ball, location: 2F 0-1: Grounds into double play, 4-6-3 (Groundball, 4M, EV 105.6 MPH)
|
Batting: LHB Harris Vink
|
0-0: Ball 1-0: Foul Ball, location: 2F 1-1: Ball 2-1: DOUBLE (Flyball, 89D, EV 97.5 MPH)
|
Batting: RHB John Downing
|
0-0: Intentional Walk
|
Pitching: RHP Nobuharu Kobayashi
|
|
Batting: LHB Dan Hunt
|
0-0: Called Strike 0-1: Swinging Strike 0-2: Strikes out swinging, 2-3 out at first.
|
Bottom of the 7th over - 0 runs, 1 hit, 0 errors, 2 left on base; Rancho Cucamonga 5 - Charlotte 7 |
TOP OF THE 8TH |
Rancho Cucamonga Quakes batting - Pitching for Charlotte Stone Crabs : RHP David Espinosa
|
Batting: RHB Steve Perez
|
0-0: Ball 1-0: Foul Ball, location: 2F 1-1: Ball 2-1: Ball 3-1: Base on Balls
|
Batting: SHB Justin Toth
|
0-0: Called Strike 0-1: Ball 1-1: Fielders Choice at 2nd, 4-6 (Groundball, 34, EV 94.4 MPH)
|
Batting: RHB Aaron Burress
|
0-0: Fly out, F9 (Flyball, 9, EV 80.0 MPH)
|
Batting: RHB Jim Rogers
|
0-0: Ball 1-0: Foul Ball, location: 2F 1-1: Ball 2-1: Ball 3-1: Reached on error, E4 (Groundball, 34, EV 81.2 MPH) Justin Toth to second
|
Pitching: RHP Melvin Pena
|
|
Batting: RHB Daniel Samano
|
0-0: Ball 1-0: SINGLE (Line Drive, 6MD, EV 100.6 MPH) Justin Toth to third Jim Rogers to second Runner from 3rd tries for Home, SAFE, throw by CF to home
|
Batting: RHB John Piccolo
|
0-0: Foul Ball, location: 2F 0-1: Ball 1-1: Foul Ball, location: 2F 1-2: Fly out, F3 (Popup, 3F, EV 60.6 MPH)
|
Top of the 8th over - 1 run, 1 hit, 1 error, 2 left on base; Rancho Cucamonga 6 - Charlotte 7 |
BOTTOM OF THE 8TH |
Charlotte Stone Crabs batting - Pitching for Rancho Cucamonga Quakes : RHP Nobuharu Kobayashi
|
Batting: LHB Sean Banks
|
0-0: Called Strike 0-1: Ball 1-1: DOUBLE (Line Drive, 89D, EV 101.9 MPH)
|
Batting: RHB Chris Glavin
|
0-0: Foul Ball, location: 2F 0-1: Ball 1-1: Called Strike 1-2: Strikes out looking
|
Batting: RHB James Huddleston
|
0-0: Called Strike 0-1: Ball 1-1: Ball 2-1: Swinging Strike 2-2: Strikes out looking
|
Batting: RHB Isaiah Easter
|
0-0: Foul Ball, location: 2F 0-1: Ball 1-1: Swinging Strike 1-2: Ball 2-2: Ball 3-2: Strikes out looking
|
Bottom of the 8th over - 0 runs, 1 hit, 0 errors, 1 left on base; Rancho Cucamonga 6 - Charlotte 7 |
TOP OF THE 9TH |
Rancho Cucamonga Quakes batting - Pitching for Charlotte Stone Crabs : RHP Melvin Pena
|
Pitching: RHP Cody Wilharm
|
|
Now at C: James Huddleston
|
|
Now at 2B: Chris Glavin
|
|
Now at 3B: Chris Thorson
|
|
Batting: SHB Nate Kopchak
|
0-0: Ball 1-0: Fly out, F7 (Flyball, 7, EV 88.1 MPH)
|
Batting: RHB Jorge Benites
|
0-0: Swinging Strike 0-1: Ball 1-1: Ball 2-1: Ball 3-1: Ground out 6-3 (Groundball, 56D, EV 101.2 MPH)
|
Batting: RHB Ryan Alban
|
0-0: Foul Ball, location: 2F 0-1: Foul Ball, location: 2F 0-2: Ball 1-2: Ball 2-2: Ball 3-2: Fly out, F9 (Flyball, 9D, EV 99.4 MPH)
|
Top of the 9th over - 0 runs, 0 hits, 0 errors, 0 left on base; Rancho Cucamonga 6 - Charlotte 7 |
|